 Dungeon Crawl Stone Soup version 0.26-a0-1131-g5f66e2dd50 (webtiles) character file.

Game seed: 17217542648482306713

123454 Ge0ff the Brawler (level 16, -3/170 HPs)
             Began as a Troll Berserker on Dec 19, 2020.
             Was a High Priest of Trog.
             Slain by a black mamba (5 damage)
             ... on level 3 of the Snake Pit.
             The game lasted 01:43:06 (14431 turns).

Ge0ff the Brawler (Troll Berserker)                Turns: 14431, Time: 01:43:07

Health: -3/170     AC: 15    Str: 29    XL:     16   Next: 37%
Magic:  0/25       EV: 13    Int: 10    God:    Trog [*****.]
Gold:   1168       SH: 19    Dex: 20    Spells: 15/15 levels left

rFire    . . .     SeeInvis .     - Unarmed
rCold    . . .     Faith    .   S - +0 tower shield
rNeg     + . .     Spirit   +   Q - +0 troll leather armour {Purgy}
rPois    +         Reflect  .   J - +3 hat of Pondering {ponderous, Will+ MP+10 Int+5}
rElec    +         Harm     .   r - +1 cloak {rCorr}
rCorr    +         Rampage  .   (gloves unavailable)
Will     ++++.                  (boots unavailable)
Stlth    ..........             U - amulet of guardian spirit
HPRegen  2.18/turn              z - ring of poison resistance
MPRegen  0.19/turn              G - ring "Ymiv" {Wiz rElec rN+ Dex+6 Stlth-, =R}

@: flying, regenerating, hasted, studying Armour, very quick
A: large, unfitting armour, claws 3, molten scales 1, clever 1, deformed body,
regeneration 1, shaggy fur 1, tough skin 3
a: Renounce Religion, Berserk, Trog's Hand, Brothers in Arms


You were on level 3 of the Snake Pit.
You worshipped Trog.
Trog was extremely pleased with you.
You visited 5 branches of the dungeon, and saw 24 of its levels.
You also visited: Sewer and Gauntlet.

You collected 3246 gold pieces.
You spent 2078 gold pieces at shops.

Inventory:

Missiles
 g - 3 throwing nets {=f}
 m - 5 boomerangs (quivered)
 v - 6 curare-tipped darts {=f}
 B - 4 silver javelins
 F - 15 atropa-tipped darts
 V - 24 javelins
Armour
 a - a +1 cloak of willpower
 d - a +1 robe of resistance
 r - a +1 cloak of preservation (worn)
 J - the +3 hat of Pondering (worn) {ponderous, Will+ MP+10 Int+5}
   (You took it off Gastronok on level 8 of the Dungeon)

   It affects your intelligence (+5).
   It affects your willpower, your defense against some magical effects.
   It affects your magic capacity (+10).
 Q - a +0 troll leather armour (worn) {Purgy}
 S - a +0 tower shield (worn)
 Y - a scarf of harm
Jewellery
 h - an uncursed ring of resist corrosion
 p - an uncursed ring of willpower
 u - a +4 ring of evasion
 y - the ring "Ciklaex" {rF++ rN+}
   (You found it in a Gauntlet)

   [ring of positive energy]

   It greatly protects you from fire.
   It protects you from negative energy.
 z - a ring of poison resistance (left claw)
 D - an uncursed ring of positive energy
 E - a +6 ring of strength
 G - the ring "Ymiv" (right claw) {Wiz rElec rN+ Dex+6 Stlth-, =R}
   (You found it on level 8 of the Dungeon)

   [ring of wizardry]

   It improves your spell success rate.
   It affects your dexterity (+6).
   It insulates you from electricity.
   It protects you from negative energy.
   It makes you less stealthy.
 O - an uncursed ring of flight
 T - the ring of Echem {rF+ Int+6}
   (You bought it in a shop on level 3 of the Snake Pit)

   [ring of intelligence]

   It affects your intelligence (+6).
   It protects you from fire.
 U - an amulet of guardian spirit (around neck)
Wands
 e - a wand of enslavement (5)
 f - a wand of flame (22)
 j - a wand of acid (7)
 k - a wand of iceblast (10)
 s - a wand of disintegration (24)
 x - a wand of random effects (77)
 P - a wand of polymorph (20)
Scrolls
 i - 5 scrolls of identify
 C - 7 scrolls of remove curse
Potions
 b - 4 potions of mutation {!q}
 o - 2 potions of ambrosia
 q - 13 potions of curing
 A - 5 potions of attraction
 H - a potion of haste {!q}
 I - 2 potions of invisibility
 K - a potion of magic {!q}
 L - 6 potions of lignification
 M - a potion of might
 N - 2 potions of cancellation {!q}
 R - a potion of resistance
 W - 4 potions of heal wounds {!q}
 X - 4 potions of flight
Books
 w - a manual of Armour
Miscellaneous
 c - a condenser vane (inert)
 l - a lightning rod (3/4)
 n - a phial of floods (inert)
 t - a tin of tremorstones (1/2)


   Skills:
 + Level 13.5 Fighting
 + Level 8.5 Throwing
 + Level 9.7 Armour
 - Level 7.0 Dodging
 + Level 9.9 Shields
 * Level 16.4 Unarmed Combat


You had 15 spell levels left.
You didn't know any spells.
Your spell library was empty.

Dungeon Overview and Level Annotations

Branches:
Dungeon (12/15)            Temple (1/1) D:7            Lair (6/6) D:10
 Shoals (0/4) Lair:4        Snake (3/4) Lair:3        Slime (0/5) Lair:6
    Orc (2/2) D:12            Elf (0/3) Orc:2         Sewer (visited)
Gauntlet (visited)

Altars:
Cheibriados
Dithmenos
Elyvilon
Fedhas
Kikubaaqudgha
Nemelex Xobeh
Ru
Trog
Uskayaw
Wu Jian
Beogh

Shops:
D:4 [   D:6 *(!}!   D:8 [   D:10 *   Orc:2 (![*   Snake:3 }=}

Annotations:
Lair:6 exclusion: 4 oklob plants


Innate Abilities, Weirdness & Mutations

You are too large for most types of armour.
You have claws for hands.
Your natural rate of healing is unusually fast.
You are covered in fur. (AC +1)
You have extremely tough skin. (AC +3)
You are partially covered in molten scales. (AC +2)
Your mind is acute. (Int +2)
Armour fits poorly on your strangely shaped body.


Message History

The black mamba bites you but does no damage.
You block the black mamba's attack. x2; The mana viper bites you!
* * * LOW HITPOINT WARNING * * *
The mana viper bites you but does no damage.
You block the mana viper's attack. x2
Really quaff
H - 2 potions of haste {!q}?
You feel yourself speed up.
The black mamba splashes around in the water.
You block the black mamba's attack. x3; You block the mana viper's attack.
The mana viper bites you!
* * * LOW HITPOINT WARNING * * *
The mana viper closely misses you. The mana viper bites you.
* * * LOW HITPOINT WARNING * * *
The black mamba bites you but does no damage.
The black mamba bites you!
* * * LOW HITPOINT WARNING * * *
The black mamba bites you.
* * * LOW HITPOINT WARNING * * *
The black mamba bites you.
You die...

♣♣...♣♣ ♣♣♣♣♣# ####
##... ##### ##....
#...##############....#
#...§§§§§..........####
#####SSS§........).###
#..##S@S§#####.......#
#...§SSS###......##....
##..§§§§§......### ####
#...........####
#.......##### #
#.#.....# # ###......
## #...... ##. ##.....
##..


You could see 4 mana vipers and 4 black mambas.

Vanquished Creatures
  Nikola (Snake:3)
  Jorgrun (Orc:1)
  Kirke (D:12)
  Gastronok (D:8)
  A nagaraja (Snake:2)
  Donald (Orc:1)
  2 orc warlords
  A minotaur (Gauntlet)
  The ghost of Borooracs the Protected, a journeyman DDFi (Lair:3)
  A boulder beetle (D:12)
  Erolcha (D:10)
  Harold (D:7)
  5 naga warriors
  6 hydras
  A centaur warrior (Orc:2)
  6 anacondas
  5 two-headed ogres
  5 death yaks (Lair:6)
  Urug (Lair:2)
  3 shock serpents
  9 naga sharpshooters
  An orc high priest (Orc:1)
  A wretched star (Gauntlet)
  A salamander mystic (Snake:2)
  A sea snake (shapeshifter) (Gauntlet)
  3 naga ritualists
  An unseen horror (D:12)
  2 orc knights (Orc:2)
  12 mana vipers
  A deep elf mage (D:12)
  A wolf spider (Lair:6)
  2 orc sorcerers
  3 salamanders
  2 moths of wrath (Lair:3)
  4 elephants
  A guardian serpent (Lair:6)
  27 black mambas
  8 naga magi
  A torpor snail (Lair:6)
  12 cane toads
  10 komodo dragons
  3 rime drakes
  6 trolls
  2 polar bears
  2 hornets (Lair:6)
  3 slime creatures (D:12)
  4 blink frogs (Lair:5)
  A meliai zombie (D:10)
  2 redbacks (Lair:6)
  A shadow (D:12)
  A wraith (D:11)
  57 yaks
  12 wyverns
  6 hogs (D:12)
  Grum (D:9)
  A neqoxec (Gauntlet)
  A basilisk (Lair:3)
  A human (D:12)
  3 wargs
  Edmund (D:5)
  Menkaure (D:5)
  17 nagas
  12 water moccasins
  Duvessa (D:4)
  2 ice beasts
  52 orc warriors
  2 sky beasts
  Purgy (Sewer)
  6 black bears
  A phantom (D:9)
  16 centaurs
  17 ogres
  4 wolves (D:9)
  5 big kobolds
  14 bullfrogs
  A wyvern zombie (D:8)
  2 gnoll sergeants (D:12)
  Dowan (D:4)
  6 killer bees (D:8)
  3 vampire bats (D:4)
  4 wights (D:12)
  An electric eel (Lair:1)
  2 centaur zombies
  A quasit (D:8)
  2 bullfrog zombies
  A hound (D:4)
  Crazy Yiuf (D:7)
  2 jellies
  3 centaur skeletons
  20 orc priests
  5 bullfrog skeletons
  30 orc wizards
  5 small abominations (Gauntlet)
  Jessica (D:2)
  2 iguanas
  10 worker ants
  A hound zombie (D:6)
  3 hound skeletons
  A howler monkey skeleton (D:11)
  A worker ant zombie (D:11)
  6 gnolls
  12 adders
  2 shadow imps
  A white imp (D:6)
  2 ufetubi
  An ooze (D:1)
  3 leopard geckos
  106 orcs
  2 bat skeletons (D:4)
  4 bat zombies (D:4)
  5 giant cockroaches
  5 goblins
  9 hobgoblins
  8 jackals
  5 quokkas
  8 bats
  6 frilled lizards
  17 kobolds
  A leopard gecko skeleton (D:4)
  8 rats
727 creatures vanquished.

Vanquished Creatures (collateral kills)
  Josephine (Lair:6)
  A hydra (D:11)
  2 two-headed ogres (D:11)
  A black mamba (Lair:6)
  A centaur zombie (D:11)
  2 komodo dragons
  3 wraiths (Lair:6)
  4 wyverns
  4 yaks (Lair:1)
  A water moccasin (Lair:1)
  3 bullfrogs
  A bullfrog zombie (D:11)
  2 hounds (D:11)
  An iguana (D:11)
  A worker ant (D:11)
  A quokka (D:11)
29 creatures vanquished.

Vanquished Creatures (others)
  An orc wizard (Orc:1)
  An orc (D:9)
  A demonic plant (Gauntlet)
  26 fungi
  44 plants
73 creatures vanquished.

Grand Total: 829 creatures vanquished

Notes
Turn   | Place    | Note
-------+----------+-------------------------------------------
     0 | D:1      | Ge0ff the Troll Berserker began the quest for the Orb.
     0 | D:1      | Reached XP level 1. HP: 22/22 MP: 0/0
    61 | D:1      | Reached XP level 2. HP: 29/29 MP: 1/1
   182 | D:1      | Reached skill level 4 in Unarmed Combat
   277 | D:1      | Reached ** piety under Trog
   299 | D:1      | Reached XP level 3. HP: 36/36 MP: 2/2
   358 | D:2      | Noticed Jessica
   363 | D:2      | Killed Jessica
   521 | D:2      | Reached skill level 5 in Unarmed Combat
   521 | D:2      | Reached XP level 4. HP: 32/44 MP: 3/3
   682 | D:2      | Found a snail-covered altar of Cheibriados.
   900 | D:3      | Reached XP level 5. HP: 50/50 MP: 4/4
  1021 | D:3      | Found an ornate altar of the Wu Jian Council.
  1211 | D:3      | Found a bloodstained altar of Trog.
  1446 | D:4      | Reached skill level 6 in Unarmed Combat
  1609 | D:4      | Reached *** piety under Trog
  1620 | D:4      | Reached skill level 1 in Throwing
  1627 | D:4      | Noticed Duvessa
  1644 | D:4      | Killed Duvessa
  1645 | D:4      | Reached XP level 6. HP: 61/61 MP: 5/5
  1686 | D:4      | Found a sacrificial altar of Ru.
  1690 | D:4      | Noticed Dowan
  1695 | D:4      | Killed Dowan
  1696 | D:4      | Reached skill level 7 in Unarmed Combat
  1783 | D:4      | Reached XP level 7. HP: 67/67 MP: 6/6
  1911 | D:4      | Found an ancient bone altar of Kikubaaqudgha.
  1938 | D:4      | Found Hocluol's Antique Armour Shoppe.
  2075 | D:4      | Reached skill level 8 in Unarmed Combat
  2273 | D:5      | Entered Level 5 of the Dungeon
  2326 | D:5      | Noticed Menkaure
  2339 | D:5      | Killed Menkaure
  2340 | D:5      | Reached XP level 8. HP: 79/79 MP: 7/7
  2431 | D:5      | Found a hide-covered altar of Uskayaw.
  2432 | D:5      | Found a white marble altar of Elyvilon.
  2446 | D:5      | Noticed Edmund
  2460 | D:5      | Killed Edmund
  2464 | D:5      | Reached **** piety under Trog
  2541 | D:5      | Reached skill level 9 in Unarmed Combat
  2783 | D:5      | Found a glowing drain.
  2792 | Sewer    | Entered a sewer
  2836 | Sewer    | Noticed Purgy
  2840 | Sewer    | Killed Purgy
  2972 | D:6      | Got a scorched falchion
  3032 | D:6      | Reached skill level 5 in Fighting
  3032 | D:6      | Reached skill level 1 in Armour
  3202 | D:6      | Found Routigay's Assorted Antiques.
  3208 | D:6      | Bought a murky coppery potion for 17 gold pieces
  3208 | D:6      | Bought a potion of curing for 57 gold pieces
  3208 | D:6      | Bought a scroll of identify for 38 gold pieces
  3213 | D:6      | Found Nushec's Antique Weapon Boutique.
  3307 | D:6      | Found Zaleb's Distillery.
  3321 | D:6      | Bought a potion of lignification for 36 gold pieces
  3321 | D:6      | Bought a potion of degeneration for 12 gold pieces
  3324 | D:6      | Found Okkumm's Gadget Emporium.
  3357 | D:6      | Reached XP level 9. HP: 88/88 MP: 8/8
  3378 | D:6      | Found Weraa's Distillery.
  3383 | D:6      | Bought a potion of heal wounds for 65 gold pieces
  3503 | D:7      | Noticed Harold
  3508 | D:7      | Killed Harold
  3509 | D:7      | Reached skill level 10 in Unarmed Combat
  3741 | D:7      | Found a blossoming altar of Fedhas.
  3790 | D:7      | Found a staircase to the Ecumenical Temple.
  3800 | Temple   | Entered the Ecumenical Temple
  3872 | D:7      | Reached skill level 11 in Unarmed Combat
  3873 | D:7      | Found a shadowy altar of Dithmenos.
  3919 | D:7      | Found a runed translucent door.
  3920 | D:7      | Noticed Crazy Yiuf
  3926 | D:7      | Killed Crazy Yiuf
  3988 | D:7      | Found a sparkling altar of Nemelex Xobeh.
  4058 | D:8      | Found Essese Zuiff's Antique Armour Shop.
  4083 | D:8      | Bought a tower shield for 85 gold pieces
  4253 | D:8      | Reached skill level 1 in Shields
  4310 | D:8      | Got a flickering turquoise ring
  4312 | D:8      | Identified the ring "Ymiv" {Wiz rElec rN+ Dex+6 Stlth-}
                  | (You found it on level 8 of the Dungeon)
  4329 | D:8      | Noticed Gastronok
  4357 | D:8      | Killed Gastronok
  4358 | D:8      | Reached XP level 10. HP: 100/100 MP: 9/9
  4810 | D:9      | Reached skill level 5 in Dodging
  4856 | D:9      | Reached ***** piety under Trog
  4869 | D:9      | Found a white marble altar of Elyvilon.
  4918 | D:9      | Identified the +1 flail of Analysis {antimagic, rElec rC++
                  | Dex-4 Stlth+}
  5089 | D:9      | Found a roughly hewn altar of Beogh.
  5185 | D:9      | Noticed Grum
  5191 | D:9      | Reached XP level 11. HP: 109/109 MP: 10/10
  5194 | D:9      | Reached skill level 12 in Unarmed Combat
  5200 | D:9      | Killed Grum
  5231 | D:9      | Noticed a two-headed ogre
  5267 | D:9      | Killed a two-headed ogre
  5357 | D:9      | Received a gift from Trog
  5397 | D:10     | Entered Level 10 of the Dungeon
  5397 | D:10     | Found Kuegy's Assorted Antiques.
  5468 | D:10     | Bought a bubbling purple potion for 19 gold pieces
  5468 | D:10     | Bought a purple potion for 19 gold pieces
  5498 | D:10     | Found a staircase to the Lair.
  5648 | D:10     | Noticed Erolcha
  5659 | D:10     | Killed Erolcha
  5878 | D:11     | Noticed a two-headed ogre
  5885 | D:11     | Killed a two-headed ogre
  5886 | D:11     | Reached skill level 5 in Shields
  5888 | D:11     | Noticed a six-headed hydra
  5891 | D:11     | Killed a seven-headed hydra
  5898 | D:11     | Noticed a two-headed ogre
  5901 | D:11     | Killed a two-headed ogre
  5912 | D:11     | Found a gate leading to a gauntlet.
  5922 | Gauntlet | Entered a Gauntlet
  5922 | Gauntlet | Found a transporter.
  5925 | Gauntlet | Found a transporter.
  5927 | Gauntlet | Found a transporter.
  5943 | Gauntlet | Found a transporter.
  5944 | Gauntlet | Found a transporter.
  5945 | Gauntlet | Noticed a wretched star
  5947 | Gauntlet | Found a runed translucent door.
  5947 | Gauntlet | Found a runed translucent door.
  5953 | Gauntlet | Found a transporter.
  5969 | Gauntlet | Found the +4 dagger "Morg" {pain, Will+ Int+5}
  5969 | Gauntlet | Found a transporter.
  5977 | Gauntlet | Noticed a death drake
  5979 | Gauntlet | Found a transporter.
  5983 | Gauntlet | Found a transporter.
  5984 | Gauntlet | Found a transporter.
  5985 | Gauntlet | Found a transporter.
  5993 | Gauntlet | Found a transporter.
  6013 | Gauntlet | Found a transporter.
  6017 | Gauntlet | Found a transporter.
  6103 | Gauntlet | Noticed a swamp dragon
  6106 | Gauntlet | Noticed a sea snake
  6106 | Gauntlet | a swamp dragon changed into a sea snake
  6126 | Gauntlet | Killed a sea snake
  6151 | Gauntlet | Killed a wretched star
  6156 | Gauntlet | Gained mutation: Potions are less effective at restoring
                  | your health. [a neqoxec]
  6173 | Gauntlet | Got a fine wooden ring
  6175 | Gauntlet | Got a faintly glowing iron amulet
  6181 | Gauntlet | Identified the amulet "Zoreg" {Inacc rF+ Str+3} (You found
                  | it in a Gauntlet)
  6187 | Gauntlet | Identified the ring "Ciklaex" {rF++ rN+} (You found it in a
                  | Gauntlet)
  6231 | Gauntlet | Identified the +1 plate armour of Egunafea {Harm rF+}
  6231 | Gauntlet | Noticed a minotaur
  6240 | Gauntlet | Killed a minotaur
  6307 | D:11     | Reached XP level 12. HP: 122/122 MP: 11/11
  6351 | D:11     | Reached skill level 10 in Fighting
  6351 | D:11     | Reached XP level 13. HP: 136/136 MP: 12/12
  6359 | D:11     | Got an encrusted scythe
  6418 | Lair:1   | Entered Level 1 of the Lair of Beasts
  6461 | Lair:1   | Reached skill level 13 in Unarmed Combat
  6929 | Lair:2   | Noticed Urug
  6947 | Lair:2   | Killed Urug
  7073 | Lair:3   | Found a transporter.
  7078 | Lair:3   | Noticed Borooracs's ghost (journeyman DDFi)
  7110 | Lair:3   | Found a transporter.
  7207 | Lair:3   | Killed Borooracs's ghost
  7294 | Lair:3   | Lost mutation: Potions are less effective at restoring your
                  | health. [potion of mutation]
  7294 | Lair:3   | Gained mutation: Your mind is acute. (Int +2) [potion of
                  | mutation]
  7294 | Lair:3   | Gained mutation: Armour fits poorly on your strangely
                  | shaped body. [potion of mutation]
  7294 | Lair:3   | Gained mutation: You are partially covered in molten
                  | scales. (AC +2) [potion of mutation]
  7463 | Lair:3   | Found a staircase to the Snake Pit.
  7831 | Lair:4   | Found a staircase to the Shoals.
  8230 | Lair:5   | Reached skill level 5 in Throwing
  8329 | Lair:5   | Received a gift from Trog
  8717 | Lair:6   | Entered Level 6 of the Lair of Beasts
  8721 | Lair:6   | Reached XP level 14. HP: 148/148 MP: 13/13
  9002 | Lair:6   | Reached skill level 14 in Unarmed Combat
  9101 | Lair:6   | Reached skill level 5 in Armour
  9480 | Lair:6   | Noticed Josephine
  9495 | Lair:6   | Killed Josephine
  9630 | Lair:6   | Found a staircase to the Slime Pits.
 10162 | D:12     | Noticed Kirke
 10186 | D:12     | Killed Kirke
 10493 | D:12     | Found a staircase to the Orcish Mines.
 10593 | D:12     | Received a gift from Trog
 10672 | Orc:1    | Entered Level 1 of the Orcish Mines
 10718 | Orc:1    | Noticed Jorgrun
 10801 | Orc:1    | Killed Jorgrun
 10802 | Orc:1    | Reached XP level 15. HP: 66/158 MP: 14/14
 10968 | Orc:2    | Entered Level 2 of the Orcish Mines
 10968 | Orc:2    | Found a staircase to the Elven Halls.
 10968 | Orc:2    | Noticed Donald
 10985 | Orc:1    | Killed Donald
 10986 | Orc:1    | Reached skill level 15 in Unarmed Combat
 11040 | Orc:2    | Noticed an orc warlord
 11118 | Orc:2    | Killed an orc warlord
 11255 | Orc:1    | Received a gift from Trog
 11270 | Orc:1    | Noticed an orc warlord
 11400 | Orc:1    | Killed an orc warlord
 11469 | Orc:1    | Found a roughly hewn altar of Beogh.
 12339 | Orc:2    | Found Copazes Qero's Armour Shop.
 12339 | Orc:2    | Found Tepnock's Distillery.
 12341 | Orc:2    | Found Esytoycw's Antique Weapon Shoppe.
 12343 | Orc:2    | Found Tuopt's Assorted Antiques.
 12348 | Orc:2    | Bought a potion of resistance for 130 gold pieces
 12355 | Orc:2    | Bought a potion of heal wounds for 95 gold pieces
 12510 | Snake:1  | Entered Level 1 of the Snake Pit
 12959 | Snake:2  | Received a gift from Trog
 12964 | Snake:2  | Got an encrusted morningstar {god gift}
 13482 | Snake:1  | Reached skill level 16 in Unarmed Combat
 13622 | Snake:1  | Reached XP level 16. HP: 170/170 MP: 15/15
 14256 | Snake:3  | Noticed Nikola
 14275 | Snake:3  | Killed Nikola
 14297 | Snake:3  | Found Lituj's Gadget Boutique.
 14297 | Snake:3  | Found Reaxiuh's Jewellery Shoppe.
 14299 | Snake:3  | Found Ecag's Gadget Boutique.
 14321 | Snake:3  | Bought an uncursed amulet of guardian spirit for 300 gold
                  | pieces
 14321 | Snake:3  | Bought the ring of Echem {rF+ Int+6} for 725 gold pieces
 14326 | Snake:3  | Bought a tin of tremorstones (2/2) for 480 gold pieces
 14431 | Snake:3  | HP: 6/170 [black mamba (11)]
 14431 | Snake:3  | HP: 2/170 [black mamba (4)]
 14431 | Snake:3  | Slain by a black mamba

Illustrated notes

Levels and vault maps discovered:
D:1:      dpeg_arrival_shrine, layout_basic, minmay_hexomino_u4
D:2:      layout_loops_cross, nicolae_overflow_crystal_walls, uniq_jessica
D:3:      layout_loops_corners, overflow_temple_1_default,
          trog_three_pillars_becter
D:4:      layout_loops_ring, hangedman_ru_absence, kennysheep_vampire_church,
          serial_shops, shop, uniq_duvessa
D:5:      layout_rooms, chequers_temple_overflow_statue_of_worship,
          portal_sewer_entry_d, serial_bayou, serial_bayou_crossing,
          serial_bayou_shore_b, serial_bayou_lake_a, serial_bayou_shore_a,
          uniq_edmund, uniq_pikel, uniq_menkaure
D:6:      layout_loops_ring, kennysheep_mini_moat, serial_shops, shop,
          nicolae_shop_stone, nicolae_shop_behind_doors, nicolae_shop_trees,
          shop, minmay_misc_feat_plants
D:7:      layout_basic, grunt_dithmenos_smoke, lemuel_round_altar,
          minmay_temple_entry_drinking_statues, tgw_fedhas,
          uniq_crazy_yiuf_cottage, uniq_harold
D:8:      layout_basic, serial_shops, nicolae_shop_overgrown_old_shop,
          kennysheep_crisscross, nicolae_lava_and_water, grunt_decor_cap,
          uniq_gastronok, uniq_erica
D:9:      layout_roguey [special_room_orc], elyvilon_altar_4, uniq_grum
D:10:     minmay_tri_box, layout_loops_cross, lair_entry_dummy, serial_shops,
          nicolae_shop_waterfront, uniq_erolcha
D:11:     layout_rooms, gauntlet_entry_generic, minmay_circle_x
D:12:     layout_basic, kennysheep_orc_monster_closet_entryway, uniq_kirke
Temple:   nicolae_temple_figure_eight
Lair:1:   layout_hall_layers, nicolae_quartered_pool_medium
Lair:2:   layout_hall_layers, serial_bayou_shore_b, uniq_urug
Lair:3:   layout_chaotic_city, minmay_snake_entry_guardpost_small,
          gammafunk_ghost_berserking_beasts, minivault_25
Lair:4:   layout_regular_city, minmay_shoals_entry_centaurs, grunt_megastairs_1,
          serial_bayou_shore_b
Lair:5:   layout_roguey, lemuel_fruit_tree
Lair:6:   hangedman_lair_tendril_chambers, layout_small_grid,
          minmay_slime_entry_oklob_open, uniq_josephine
Snake:1:  layout_chambers
Snake:2:  layout_concentric_octagons
Snake:3:  cheibrodos_snake_ritualist_ritual, layout_cave_pods, drop_trap,
          minmay_shop_grove, uniq_nikola
Orc:1:    layout_caves, basic_altar, uniq_jorgrun
Orc:2:    st_orc_rangers, layout_caves, mines_bat_river, uniq_donald

Skill      XL: |  1  2  3  4  5  6  7  8  9 10 11 12 13 14 15 |
---------------+----------------------------------------------+-----
Unarmed Combat | 4 5 6 7 8 9 11 12 13 14 16 | 16.4
Throwing       | 1 2 3 5 6 8 |  8.5
Fighting       | 3 4 5 6 7 8 10 11 12 13 | 13.5
Dodging        | 3 4 5 6 7 |  7.0
Armour         | 2 3 4 7 9 |  9.7
Shields        | 2 4 5 7 8 9 |  9.9

Action                   |  1- 3 |  4- 6 |  7- 9 | 10-12 | 13-15 | 16-18 || total
-------------------------+-------+-------+-------+-------+-------+-------++-------
Melee: Unarmed           |    79 |    78 |   269 |   312 |  1308 |   117 ||  2163
       Punch             |     2 |     2 |    11 |       |       |       ||    15
Throw: Boomerang         |       |    43 |       |    84 |   296 |    70 ||   493
       Dart              |       |       |     1 |     4 |    27 |     2 ||    34
       Javelin           |       |       |       |       |     6 |       ||     6
       Throwing net      |       |       |       |       |       |     1 ||     1
Invok: Berserk           |     1 |     3 |     8 |     5 |     9 |     1 ||    27
       Trog's Hand       |       |       |     3 |     5 |    20 |     3 ||    31
       Brothers in Arms  |       |       |       |     1 |     5 |       ||     6
Evoke: Wand              |       |       |       |     1 |    18 |       ||    19
       Lightning rod     |       |       |       |       |    10 |       ||    10
       Phial of floods   |       |       |       |       |     2 |     1 ||     3
       Condenser vane    |       |       |       |       |     2 |     1 ||     3
       Tin of tremorston |       |       |       |       |       |     1 ||     1
  Use: Scroll            |       |    10 |    11 |     4 |     6 |       ||    31
       Potion            |       |       |       |     1 |     3 |     3 ||     7
 Stab: Distracted        |       |       |     1 |       |       |       ||     1
       Sleeping          |       |       |     2 |       |       |       ||     2
       Invisible         |       |       |       |       |    11 |       ||    11
       Confused          |       |       |       |       |     4 |       ||     4
Armor: Animal skin       |    23 |       |       |       |       |       ||    23
       Robe              |       |    13 |    29 |       |       |       ||    42
       Troll leather arm |       |       |    53 |    51 |   216 |    28 ||   348
Dodge: Dodged            |    34 |    21 |    81 |    51 |   445 |    46 ||   678
Block: Tower shield      |       |       |    33 |   201 |  1168 |   116 ||  1518

Table legend: (Time is in decaauts)
 A = Elapsed time spent in this place.
 B = Non-inter-level travel time spent in this place.
 C = Inter-level travel time spent in this place.
 D = Time resting spent in this place.
 E = Time spent auto-exploring this place.
 F = Levels seen in this place.
 G = Mean time per level.
                   A        B        C        D        E       F      G
               +--------+--------+--------+--------+--------+-----+--------+
         Total |  15126 |  13845 |   1281 |     54 |    261 |  26 |  581.8 |
       Dungeon |   7122 |   6387 |    735 |     54 |      0 |  12 |  593.5 |
        Temple |      1 |      1 |      0 |      0 |      0 |   1 |    1.0 |
          Lair |   3747 |   3435 |    312 |      0 |      0 |   6 |  624.5 |
     Snake Pit |   1970 |   1802 |    168 |      0 |      0 |   3 |  656.7 |
  Orcish Mines |   1745 |   1680 |     65 |      0 |    261 |   2 |  872.5 |
         Sewer |    169 |    169 |      0 |      0 |      0 |   1 |  169.0 |
      Gauntlet |    368 |    368 |      0 |      0 |      0 |   1 |  368.0 |
               +--------+--------+--------+--------+--------+-----+--------+

Top non-repeatable levels by time:
   Orc:2: 1116 daAuts
  Lair:6: 1112 daAuts
     D:4: 863 daAuts
     D:8: 815 daAuts
  Lair:3: 801 daAuts
 Snake:1: 739 daAuts
 Snake:2: 686 daAuts
    D:12: 683 daAuts
    D:10: 683 daAuts
     D:5: 648 daAuts
     D:9: 633 daAuts
   Orc:1: 629 daAuts
  Lair:5: 594 daAuts
     D:3: 578 daAuts
     D:7: 547 daAuts
